 Dungeon Crawl Stone Soup version 0.30-a0-591-g3c58d2bc28 (webtiles) character file.

Game seed: 10107897416318984292

20893 wormed the Transmogrifier (level 12, -22/126 HPs)
             Began as an Octopode Transmuter on Jan 6, 2023.
             Was an Initiate of Gozag.
             Annihilated by a large abomination (25 damage)
             ... on level 3 of the Abyss.
             The game lasted 00:25:42 (13019 turns).

wormed the Transmogrifier (Octopode Transmuter)    Turns: 13019, Time: 00:25:42

Health: -22/126    AC: 26    Str:  9 (11) XL:     12   Next: 84%
Magic:  21/24      EV:  2    Int: 23 (25) God:    Gozag
Gold:   1753       SH:  0    Dex: 15 (16) Spells: 20/27 levels left

rFire   + + .      SeeInvis .      - Unarmed
rCold   . . .      Faith    .    (no shield)
rNeg    + . .      Spirit   .    (helmet currently unavailable)
rPois   +          Reflect  .    M - amulet of regeneration
rElec   .          Harm     .    e - +6 ring of dexterity
rCorr   .          Rampage  .    h - ring of positive energy
Will    .....      NoTele   +    r - +5 ring of evasion
Stlth   +                        G - +5 ring of evasion
HPRegen 1.21/turn                N - ring of protection from fire
MPRegen 0.19/turn                A - +6 ring of intelligence
                                 H - ring of protection from fire
                                 (no ring)

@: tree-form, wereblooded
A: stationary, stasis, torment immunity, boosted hp, almost no armour,
(amphibious), 8 rings, (camouflage 1), (gelatinous body 1), (nimble swimmer 1),
(tentacles), clumsy 1
a: Renounce Religion, Potion Petition, Call Merchant, Bribe Branch


You were on level 3 of the Abyss.
You worshipped Gozag.
Gozag was most pleased with you.
You were a tree.
You visited 3 branches of the dungeon, and saw 14 of its levels.
You visited the Abyss 1 time.

You collected 4492 gold pieces.
You spent 336 gold pieces at shops.
You paid 2403 gold pieces to Gozag.

Inventory:

Missiles
 j - 5 curare-tipped darts
 q - 9 atropa-tipped darts
 u - 51 poisoned darts
Magical Staves
 b - a staff of air
Jewellery
 e - a +6 ring of dexterity (left branch)
 h - a ring of positive energy (right branch)
 r - a +5 ring of evasion (on tentacle)
 A - a +6 ring of intelligence (on tentacle)
 G - a +5 ring of evasion (on tentacle)
 H - a ring of protection from fire (on tentacle)
 M - an amulet of regeneration (around neck)
 N - a ring of protection from fire (on tentacle)
Wands
 B - a wand of digging (13)
 C - a wand of light (6)
 E - a wand of mindburst (12)
 K - a wand of roots (8)
Scrolls
 i - a scroll of enchant armour
 l - 2 scrolls of fear
 n - 2 scrolls of enchant weapon
 o - 4 scrolls of fog
 p - a scroll of amnesia
 w - a scroll of immolation
 x - 2 scrolls of magic mapping
 y - a scroll of butterflies {unknown}
 D - a scroll of vulnerability
 F - a scroll of silence {unknown}
 O - a scroll of identify
Potions
 a - 4 potions of lignification
 c - a potion of magic
 d - 2 potions of might
 f - a potion of invisibility
 g - 3 potions of brilliance
 m - 3 potions of haste
 s - 3 potions of curing
 z - a potion of flight
 I - a potion of attraction
 J - 2 potions of resistance
 L - 10 potions of ambrosia


   Skills:
 + Level 8.5 Fighting
 + Level 8.7 Dodging
 + Level 9.0 Unarmed Combat
 - Level 8.0 Spellcasting
 - Level 12.0 Transmutations
 - Level 5.0 Ice Magic
 + Level 0.0 Air Magic


You had 20 spell levels left.
You knew the following spells:

 Your Spells              Type           Power      Damage    Failure   Level
a - Ice Form              Ice/Tmut       48%        N/A       1%          4
b - Wereblood             Tmut           59%        N/A       1%          2
z - Beastly Appendage     Tmut           100%       N/A       1%          1

Your spell library contained the following spells:

 Spells                   Type           Power      Damage    Failure   Level
 Spider Form              Tmut/Pois      36%        N/A       1%          3
 Petrify                  Tmut/Erth      36%        N/A       6%          4
 Magic Dart               Conj           36%        1d4       7%          1
 Searing Ray              Conj           18%        2d5       11%         2
 Sublimation of Blood     Necr           9%         N/A       11%         2
 Irradiate                Conj/Tmut      18%        3d17      16%         5
 Fulminant Prism          Conj/Hex       4%         3d5       56%         4
 Freezing Cloud           Conj/Ice/Air   8%         6-21      69%         5
 Polar Vortex             Ice            16%        N/A       100%        9
 Simulacrum               Ice/Necr       Unusable   N/A       N/A         6

Dungeon Overview and Level Annotations

Branches:
Dungeon (11/15)            Temple (1/1) D:4            Lair (2/5) D:8
    Orc (0/2) D:11
  Swamp: Lair:2-3    Shoals: Lair:2-3     Snake: Lair:2-3    Spider: Lair:2-3

Altars:
Ashenzari
Cheibriados
Dithmenos
Fedhas
Gozag
Hepliaklqana
Kikubaaqudgha
Makhleb
Nemelex Xobeh
Okawaru
Qazlal
Sif Muna
Trog
Uskayaw
Vehumet
Wu Jian
Xom
Yredelemnul
Zin

Shops:
D:1 *   D:4 ?   D:7 !   D:8 :

Annotations:
D:6 3 runed translucent doors, DSscumlord's ghost, novice DsCj
Lair:2 Sonja


Innate Abilities, Weirdness & Mutations

You are a tree.
Your roots penetrate the ground, keeping you stationary.
You cannot be teleported.
You are immune to unholy pain and torment.
Your maximum health is greatly increased.
You cannot wear most types of armour.
((You are amphibious.))
You can wear up to eight rings at the same time.
((Your skin changes colour to match your surroundings (Stealth+).))
((Your rubbery body absorbs attacks. (AC +1, EV +1)))
((You are camouflaged when in or above water. (Stealth+)))
((You have tentacles for arms and can constrict up to eight enemies at once.))
You are clumsy. (Dex -2)


Message History

The thrashing horror misses you.
The thrashing horror tramples you but does no damage.
A neqoxec comes into view.
The thrashing horror attacks as you move away!
The thrashing horror tramples you!
The thrashing horror completely misses you. x3
The thrashing horror attacks as you move away!
The thrashing horror completely misses you.
The thrashing horror misses you. x2
The thrashing horror completely misses you.
The small abomination completely misses you.
Okay, then.
You warm up again.
You turn into a tree.
Your roots penetrate the ground.
The thrashing horror completely misses you.
The thrashing horror tramples you.
The small abomination hits you but does no damage.
You hit the large abomination but do no damage.
The large abomination hits you!! The small abomination hits you!
* * * LOW HITPOINT WARNING * * *
You hear a shout!
You barely miss the large abomination. The small abomination hits you!
* * * LOW HITPOINT WARNING * * *
The large abomination hits you but does no damage.
You pummel the small abomination!!
The small abomination is severely damaged.
The small abomination hits you but does no damage.
The large abomination hits you!
* * * LOW HITPOINT WARNING * * *
You smack the large abomination!
The large abomination is moderately damaged.
The small abomination hits you but does no damage.
The large abomination hits you!
* * * LOW HITPOINT WARNING * * *
It was a potion of degeneration.
There was something very wrong with that liquid.
You feel weakened.
You feel dopey.
You feel clumsy. The large abomination hits you!!
You die...
Your body crumbles into a pile of gold.

##### #. .## ..#
# 3 #. .# ..
.#.# # ##
.....#.##.. .#.3
..#..3#.##..#...
#.##X#. ... .#
#.XX#.#.#
##X##XXX#
#♣#.#.##..
#.....x##.#..
..... ####.##
#..# ....#. #.
#. #.### #. ## #
#


You could see a thrashing horror, 3 large abominations, a neqoxec and a small
abomination.

Vanquished Creatures
  A tentacled starspawn (Abyss:3)
  A hydra (Lair:1)
  A two-headed ogre (D:8)
  3 elephants (Lair:1)
  Joseph (D:9)
  2 cyclopes (D:11)
  5 cane toads
  An unseen horror (D:10)
  A rime drake (Lair:1)
  3 komodo dragons
  2 kobold demonologists (D:9)
  2 ancient zymes (Abyss:3)
  2 trolls (D:11)
  A queen bee (D:9)
  5 blink frogs (Lair:1)
  A large abomination (Abyss:3)
  A spriggan (Lair:1)
  A shadow (D:10)
  A wyvern (D:10)
  3 steam dragons
  23 yaks
  3 vampire mosquitoes (D:10)
  An acid dragon (D:11)
  8 water moccasins
  4 ice beasts
  A black bear (D:7)
  An orc warrior (D:10)
  2 sky beasts
  3 ogres
  6 wolves
  4 centaurs
  2 small abominations (Abyss:3)
  A phantom (D:5)
  3 kobold brigands (D:9)
  6 bullfrogs
  A necrophage (D:8)
  3 scorpions
  5 wights (D:7)
  27 killer bees (D:9)
  9 howler monkeys
  2 electric eels
  2 hounds
  9 orc priests
  A gnoll bouda (D:8)
  4 jellies
  Jessica (D:3)
  An iguana (D:6)
  7 orc wizards
  A centaur simulacrum (D:8)
  9 gnolls
  5 adders
  2 shadow imps
  7 white imps
  5 ufetubi
  2 worms
  2 dart slugs
  30 orcs
  12 ball pythons
  A bat zombie (D:4)
  5 endoplasms
  2 giant cockroaches (D:1)
  8 goblins
  8 hobgoblins
  4 jackals (D:3)
  4 quokkas
  3 bats (D:1)
  3 kobolds
  8 rats
  2 rat zombies (D:4)
301 creatures vanquished.

Vanquished Creatures (others)
  2 fungi
  A lurking horror (Abyss:3)
  9 plants
  8 starspawn tentacles (Abyss:3)
20 creatures vanquished.

Grand Total: 321 creatures vanquished

Notes
Turn   | Place    | Note
-------+----------+-------------------------------------------
     0 | D:1      | wormed the Octopode Transmuter began the quest for the Orb.
     0 | D:1      | Reached XP level 1. HP: 13/13 MP: 3/3
   201 | D:1      | Reached XP level 2. HP: 18/18 MP: 3/5
   363 | D:1      | Learned a level 2 spell: Wereblood
   480 | D:1      | Found Ihituis's Assorted Antiques.
   717 | D:1      | Reached XP level 3. HP: 23/23 MP: 3/6
  1123 | D:2      | Reached skill level 1 in Ice Magic
  1415 | D:2      | Reached XP level 4. HP: 28/28 MP: 7/7
  1763 | D:2      | Identified a scroll of acquirement
  1763 | D:2      | Acquired a staff of air
  1802 | D:2      | Learned a level 4 spell: Ice Form
  1826 | D:3      | Reached skill level 3 in Transmutations
  1926 | D:3      | Reached XP level 5. HP: 16/34 MP: 5/8
  2038 | D:3      | Found a shadowy altar of Dithmenos.
  2316 | D:3      | Noticed Jessica
  2323 | D:3      | Killed Jessica
  2360 | D:3      | Acquired 781 gold pieces
  2721 | D:4      | Reached XP level 6. HP: 39/39 MP: 3/10
  3069 | D:4      | Found an ancient bone altar of Kikubaaqudgha.
  3098 | D:4      | Found a burning altar of Makhleb.
  3137 | D:4      | Reached skill level 4 in Transmutations
  3151 | D:4      | Found a staircase to the Ecumenical Temple.
  3158 | Temple   | Entered the Ecumenical Temple
  3257 | Temple   | Became a worshipper of Gozag Ym Sagoz the Greedy
  3373 | D:4      | Reached XP level 7. HP: 45/45 MP: 11/11
  3422 | D:4      | Found a bloodstained altar of Trog.
  3658 | D:4      | Found a hide-covered altar of Uskayaw.
  3922 | D:5      | Entered Level 5 of the Dungeon
  4279 | D:5      | Reached skill level 5 in Transmutations
  4458 | D:5      | Reached XP level 8. HP: 52/52 MP: 11/13
  4727 | D:5      | Gained mutation: You are clumsy. (Dex -2) [mutagenic glow]
  5206 | D:6      | Found a runed translucent gate.
  5208 | D:6      | Found a runed translucent gate.
  5224 | D:6      | Noticed DSscumlord's ghost (novice DsCj)
  5493 | D:6      | Found a runed translucent gate.
  5590 | D:6      | Found a stormy altar of Qazlal.
  5591 | D:6      | Noticed a water elemental
  5593 | D:6      | Noticed an air elemental
  5916 | D:7      | Reached skill level 5 in Unarmed Combat
  5916 | D:7      | Reached skill level 6 in Transmutations
  5965 | D:7      | Reached XP level 9. HP: 46/58 MP: 8/15
  6258 | D:7      | Reached skill level 5 in Dodging
  6420 | D:7      | Bought a potion of attraction for 48 gold pieces
  6420 | D:7      | Bought a potion of heal wounds for 80 gold pieces
  6420 | D:7      | Bought a potion of resistance for 160 gold pieces
  6420 | D:7      | Bought a potion of curing for 48 gold pieces
  6431 | D:7      | Acquired 949 gold pieces
  6464 | D:8      | Found a staircase to the Lair.
  6506 | D:8      | Noticed a two-headed ogre
  6730 | D:8      | Reached skill level 7 in Transmutations
  6786 | D:8      | Found an iron altar of Okawaru.
  6903 | D:8      | Found a shimmering blue altar of Sif Muna.
  7086 | D:8      | Killed a two-headed ogre
  7087 | D:8      | Reached skill level 5 in Fighting
  7087 | D:8      | Reached skill level 5 in Spellcasting
  7090 | D:8      | Reached skill level 5 in Ice Magic
  7090 | D:8      | Reached XP level 10. HP: 43/66 MP: 7/17
  7218 | D:8      | Found a basalt altar of Yredelemnul.
  7456 | D:8      | Reached skill level 8 in Transmutations
  8109 | D:9      | Noticed Joseph
  8115 | D:9      | Noticed a kobold demonologist
  8121 | D:9      | Noticed a smoke demon
  8122 | D:9      | Killed Joseph
  8125 | D:9      | Noticed a sixfirhy
  8127 | D:9      | Killed a kobold demonologist
  8127 | D:9      | Noticed a kobold demonologist
  8132 | D:9      | Killed a kobold demonologist
  8213 | D:9      | Found a shimmering altar of Xom.
  8827 | D:9      | Reached skill level 9 in Transmutations
  8882 | D:9      | Reached XP level 11. HP: 73/73 MP: 13/20
  8995 | D:9      | Identified the +0 ring mail of the Turtledove {Int-4
                  | Slay+5}
  9475 | D:10     | Entered Level 10 of the Dungeon
  9769 | D:10     | Found a snail-covered altar of Cheibriados.
  9769 | D:10     | You fall into a shaft and drop 1 floor!
  9916 | D:11     | Found a staircase to the Orcish Mines.
  9990 | D:10     | Found an ornate altar of the Wu Jian Council.
 10543 | D:11     | Noticed a cyclops
 10554 | D:11     | Killed a cyclops
 10555 | D:11     | Reached skill level 10 in Transmutations
 10639 | D:11     | Noticed a cyclops
 10664 | D:11     | Killed a cyclops
 11075 | Lair:1   | Entered Level 1 of the Lair of Beasts
 11262 | Lair:1   | Reached XP level 12. HP: 81/81 MP: 16/22
 11467 | Lair:1   | Reached skill level 11 in Transmutations
 12076 | Lair:1   | Noticed a six-headed hydra
 12086 | Lair:1   | Killed a six-headed hydra
 12306 | Lair:2   | Noticed Sonja
 12321 | Abyss:2  | Cast into level 2 of the Abyss (Sonja)
 12425 | Abyss:2  | Noticed a starcursed mass
 12470 | Abyss:2  | Found a corrupted altar of Lugonu.
 12481 | Abyss:2  | Noticed a naga warrior
 12518 | Abyss:2  | Found a corrupted altar of Lugonu.
 12533 | Abyss:2  | Found a corrupted altar of Lugonu.
 12581 | Abyss:3  | Noticed a thrashing horror
 12581 | Abyss:3  | Noticed a thrashing horror
 12587 | Abyss:3  | Noticed a thrashing horror
 12600 | Abyss:3  | Noticed a tentacled starspawn
 12633 | Abyss:3  | Found a corrupted altar of Lugonu.
 12686 | Abyss:3  | Found a corrupted altar of Lugonu.
 12687 | Abyss:3  | Noticed a wretched star
 12689 | Abyss:3  | Found a corrupted altar of Lugonu.
 12689 | Abyss:3  | Found a corrupted altar of Lugonu.
 12852 | Abyss:3  | Noticed a tentacled starspawn
 12899 | Abyss:3  | Killed a tentacled starspawn
 12900 | Abyss:3  | Reached skill level 12 in Transmutations
 12988 | Abyss:3  | Noticed an eidolon
 12996 | Abyss:3  | Found a corrupted altar of Lugonu.
 12997 | Abyss:3  | Noticed a thrashing horror
 13018 | Abyss:3  | HP: 1/126 [large abomination (8)]
 13019 | Abyss:3  | Annihilated by a large abomination

Illustrated notes

Levels and vault maps discovered:
D:1:      minmay_arrival_split_and_join, layout_basic, serial_shops,
          nicolae_shop_behind_doors
D:2:      layout_loops_ring, kennysheep_cross_bottleneck, minmay_tiny_reverse_x
D:3:      layout_rooms, lemuel_doored_altar, uniq_jessica
D:4:      layout_loops_ring, nicolae_uskayaw_suspiria,
          lemuel_zombie_altar_kikubaaqudgha, old_standard_altar,
          makhleb_heckhound_becter, temple_statues, hangedman_decor_riveting,
          kennysheep_minor_cross
D:5:      layout_loops_corners
D:6:      layout_loops_ring, nicolae_qazlal_style_of_elements,
          gammafunk_ghost_split
D:7:      layout_basic, amethyst_killhole
D:8:      layout_layer_cave, yredelemnul_altar_generic, old_standard_altar,
          kennysheep_mini_moat, lair_entry_dummy, serial_ice, serial_ice_o,
          serial_ice_e, serial_ice_g, serial_ice_m, serial_ice_l, serial_ice_a,
          serial_ice_d, grunt_ministairs_7, corexii_leaking_fountain
D:9:      layout_basic, general_overflow_altar, special_room [special_room_bee],
          uniq_joseph
D:10:     layout_rooms, nicolae_wu_jian_immortal_techniques,
          mainiacjoe_overflow_paths, minivault_25_ag
D:11:     nzn_winding_woodlands_stair_cross [nzn_winding_woodlands_5x15_jagged,
          nzn_winding_woodlands_center_garden,
          nzn_winding_woodlands_5x15_pockets,
          nzn_winding_woodlands_5x5_open_star, nzn_winding_woodlands_hourglass,
          nzn_winding_woodlands_5x15_parted,
          nzn_winding_woodlands_center_pierced_h,
          nzn_winding_woodlands_5x15_lazy_stream], layout_long_grid
Temple:   hellmonk_temple_flake
Lair:1:   layout_hall_layers, grunt_forest_large_clearing_hut,
          infiniplex_staircase_pool, grunt_megastairs_5
Lair:2:   layout_regular_city, chequers_serial_rivers_small_b,
          nicolae_quartered_pool_little, grunt_megastairs_4, uniq_erica,
          uniq_sonja
Abyss:3:  base: D:11, minivault_24, bh_abyss_negative,
          nicolae_abyss_rune_left_handed, nicolae_abyss_rune_left_handed,
          patterned_corridor, hangedman_abyss_or_decor_lesser_grid,
          spicy_abyss_helpful_harpoons, evilmike_abyss_exit_5,
          hangedman_abyss_or_decor_jellyfish_corner

Skill      XL: |  1  2  3  4  5  6  7  8  9 10 11 12 |
---------------+-------------------------------------+-----
Ice Magic      | 1 2 3 5 |  5.0
Transmutations | 3 4 5 6 7 9 10 12 | 12.0
Fighting       | 2 3 4 5 6 7 8 |  8.5
Dodging        | 3 4 5 6 7 8 |  8.7
Spellcasting   | 3 4 5 6 7 8 |  8.0
Unarmed Combat | 4 5 6 8 9 |  9.0

Action                   |  1- 3 |  4- 6 |  7- 9 | 10-12 || total
-------------------------+-------+-------+-------+-------++-------
Melee: Unarmed           |    64 |    98 |   191 |   508 ||   861
       Constrict         |    23 |    18 |     1 |       ||    42
       Tentacles         |    15 |    13 |       |     3 ||    31
       Kick              |    12 |    23 |       |       ||    35
       Punch             |       |     1 |       |       ||     1
 Cast: Beastly Appendage |    17 |    21 |       |       ||    38
       Wereblood         |    11 |    18 |    12 |    41 ||    82
       Ice Form          |       |     6 |    35 |    41 ||    82
Invok: Call Merchant     |       |       |     2 |     1 ||     3
       Potion Petition   |       |       |       |     1 ||     1
  Use: Scroll            |     5 |     2 |     6 |    14 ||    27
       Potion            |       |     1 |       |     9 ||    10
 Stab: Sleeping          |     9 |       |     1 |       ||    10
       Distracted        |       |       |     2 |     7 ||     9
       Invisible         |       |       |       |     2 ||     2
Armor: Skin              |     6 |    12 |    39 |    90 ||   147
Dodge: Dodged            |    42 |    55 |   135 |   536 ||   768

Table legend: (Time is in decaauts)
 A = Elapsed time spent in this place.
 B = Non-inter-level travel time spent in this place.
 C = Inter-level travel time spent in this place.
 D = Time resting spent in this place.
 E = Time spent auto-exploring this place.
 F = Levels seen in this place.
 G = Mean time per level.
                   A        B        C        D        E       F      G
               +--------+--------+--------+--------+--------+-----+--------+
         Total |  12932 |  12446 |    486 |    219 |   9786 |  16 |  808.2 |
       Dungeon |  10871 |  10415 |    456 |    209 |   8329 |  11 |  988.3 |
        Temple |    151 |    151 |      0 |      0 |    118 |   1 |  151.0 |
          Lair |   1218 |   1188 |     30 |      0 |    912 |   2 |  609.0 |
         Abyss |    691 |    691 |      0 |     10 |    427 |   2 |  345.5 |
               +--------+--------+--------+--------+--------+-----+--------+

Top non-repeatable levels by time:
     D:9: 1568 daAuts
     D:8: 1542 daAuts
     D:4: 1238 daAuts
     D:5: 1079 daAuts
  Lair:1: 1074 daAuts
     D:1: 966 daAuts
     D:2: 830 daAuts
    D:10: 758 daAuts
     D:6: 737 daAuts
     D:3: 721 daAuts
    D:11: 716 daAuts
     D:7: 712 daAuts
 Abyss:3: 451 daAuts
 Abyss:2: 239 daAuts
  Temple: 151 daAuts
